 Dungeon Crawl Stone Soup version 0.26-a0-1147-g3780a7a11b (webtiles) character file.

Game seed: 1447177082773901755

6 night the Chiller (level 1, -1/13 HPs)
             Began as a Demonspawn Ice Elementalist on Dec 22, 2020.
             Slain by a kobold (4 damage)
             ... on level 1 of the Dungeon.
             The game lasted 00:01:02 (323 turns).

night the Chiller (Demonspawn Ice Elementalist)      Turns: 323, Time: 00:01:02

Health: -1/13      AC:  2    Str:  8    XL:     1   Next: 75%
Magic:  3/3        EV: 12    Int: 16    God:
Gold:   0          SH:  0    Dex: 13    Spells: 3/4 levels left

rFire    . . .     SeeInvis .   c - +0 dagger
rCold    . . .     Faith    .   (no shield)
rNeg     . . .     Spirit   .   a - +0 robe
rPois    .         Reflect  .   (no helmet)
rElec    .         Harm     .   (no cloak)
rCorr    .         Rampage  .   (no gloves)
Will     .....                  (no boots)
Stlth    ++........             (no amulet)
HPRegen  0.04/turn              (no ring)
MPRegen  0.08/turn              (no ring)

@: no status effects
A: no striking features
a: no special abilities


You were on level 1 of the Dungeon.
You visited 1 branch of the dungeon, and saw 1 of its levels.

Inventory:

Hand Weapons
 c - a +0 dagger (weapon)
Armour
 a - a +0 robe (worn)


   Skills:
 - Level 1.7 Dodging
 - Level 1.7 Stealth
 + Level 2.2 Spellcasting
 + Level 3.7 Ice Magic


You had 3 spell levels left.
You knew the following spells:

 Your Spells              Type           Power        Failure   Level
a - Freeze                Ice            52%          4%          1

Your spell library contained the following spells:

 Spells                   Type           Power        Failure   Level
 Frozen Ramparts          Ice            26%          13%         3
 Ozocubu's Armour         Ice            13%          13%         3
 Hailstorm                Conj/Ice       7%           67%         4
 Summon Ice Beast         Ice/Summ       7%           67%         4


Dungeon Overview and Level Annotations

Branches:
Dungeon (1/15)

Altars:


Message History

A bat comes into view.
The kobold shouts! x2
The bat hits you but does no damage.
A kobold comes into view. It is wielding a +0 club.
The bat hits you.
* * * LOW HITPOINT WARNING * * *
You aren't carrying any potions.
As you read the scroll labelled KAITAF RIWNO, it crumbles to dust.
It is a scroll of identify.
You don't have any unidentified items.
The bat barely misses you. The bat hits you but does no damage.
The rat closely misses you. The bat closely misses you.
You are too injured to fight recklessly!
You barely miss the bat. The bat barely misses you. The rat barely misses you.
The kobold shouts!
The bat hits you but does no damage. The goblin barely misses you.
You hit the goblin but do no damage. The bat barely misses you.
The kobold barely misses you. The goblin completely misses you.
You closely miss the goblin. The bat barely misses you. The kobold hits you.
You die...
P

♣♣♣...♣♣♣PP♣♣♣
♣♣♣♣♣..P♣♣♣♣♣♣♣♣ .#
..♣..P.P..♣..≈P♣♣ .####
^...........^≈≈8♣ .....#
..♣♣#...#♣♣..≈P♣♣ .....#
♣♣♣ #...# ♣♣♣♣♣♣ #.....#
#####...#### ......#
.........>.######K.....#
...........†..rg@b.....#
......†.......b##KK....#
.).............# ......#
...............# ......#
...#####.......# ......#
...# #.......# #######
#..# #.......# ...#
........# .#.# #.......#


You could see a goblin, 2 bats, 3 kobolds and a rat.

Vanquished Creatures
  A dart slug (D:1)
  A goblin (D:1)
  A hobgoblin (D:1)
  A bat (D:1)
4 creatures vanquished.

Notes
Turn   | Place    | Note
-------+----------+-------------------------------------------
     0 | D:1      | night the Demonspawn Ice Elementalist began the quest for
                  | the Orb.
     0 | D:1      | Reached XP level 1. HP: 13/13 MP: 3/3
   323 | D:1      | Slain by a kobold

Illustrated notes

Levels and vault maps discovered:
D:1:      psy_arrival_wood_between_worlds, layout_rooms, serial_glass,
          glass_columns_b, glass_columns_a, minmay_split_cup_large

Action                   || total
-------------------------++-------
Melee: Dagger            ||     8
       Unarmed           ||     2
 Cast: Freeze            ||     8
  Use: Scroll            ||     1
Armor: Robe              ||    17
Dodge: Dodged            ||    37

Table legend: (Time is in decaauts)
 A = Elapsed time spent in this place.
 B = Non-inter-level travel time spent in this place.
 C = Inter-level travel time spent in this place.
 D = Time resting spent in this place.
 E = Time spent auto-exploring this place.
 F = Levels seen in this place.
 G = Mean time per level.
                   A        B        C        D        E       F      G
               +--------+--------+--------+--------+--------+-----+--------+
         Total |    322 |    322 |      0 |    205 |     45 |   1 |  322.0 |
       Dungeon |    322 |    322 |      0 |    205 |     45 |   1 |  322.0 |
               +--------+--------+--------+--------+--------+-----+--------+

Top non-repeatable levels by time:
     D:1: 322 daAuts
